 Dungeon Crawl Stone Soup version 0.24.1 (webtiles) character file.

Game seed: 9814423908572740915, levelgen mode: deterministic

153 Oragul the Skirmisher (level 5, -4/57 HPs)
             Began as an Ogre Berserker on Mar 31, 2020.
             Was a Believer of Trog.
             Slain by an orc
             ... wielding a +0 trident
              (5 damage)
             ... on level 2 of the Dungeon.
             The game lasted 00:13:29 (2881 turns).

Oragul the Skirmisher (Ogre Berserker)              Turns: 2881, Time: 00:13:29

Health: -4/57      AC:  4    Str: 24    XL:     5   Next: 35%
Magic:  5/5        EV: 10    Int: 10    God:    Trog [**....]
Gold:   127        SH:  0    Dex:  8    Spells: 4/4 levels left

rFire    . . .     SeeInvis .   a - +0 hand axe
rCold    + . .     Gourm    .   (no shield)
rNeg     . . .     Faith    .   d - +0 robe
rPois    .         Spirit   .   (helmet restricted)
rElec    .         Reflect  .   h - +0 cloak
rCorr    .         Harm     .   (gloves unavailable)
MR       .....                  (boots unavailable)
Stlth    +.........             (no amulet)
HPRegen  0.19/turn              i - ring of protection from cold
MPRegen  0.09/turn              (no ring)

@: no status effects
A: large, unfitting armour, clever 1, strong 1, tough skin 1, wild magic 1
a: Berserk, Trog's Hand, Renounce Religion


You were on level 2 of the Dungeon.
You worshipped Trog.
Trog was pleased with you.
You were hungry.

You visited 1 branch of the dungeon, and saw 3 of its levels.

You collected 127 gold pieces.

Inventory:

Hand Weapons
 a - a +0 hand axe (weapon)
 f - a +0 hunting sling
 g - a cursed -3 short sword
Missiles
 j - 13 poisoned darts
 l - 19 arrows
 m - 7 curare-tipped darts (quivered)
Armour
 b - a +0 animal skin
 d - a +0 robe (worn)
 h - a +0 cloak (worn)
 n - a +0 pair of gloves
 o - a +0 helmet
Jewellery
 i - a ring of protection from cold (left hand)
Scrolls
 e - 4 scrolls of identify
 p - a scroll of noise {unknown}
Potions
 c - a potion of ambrosia
 k - 2 potions of flight


   Skills:
 + Level 5.2 Fighting
 + Level 4.3 Axes
 + Level 3.7 Dodging
 + Level 0.2 Stealth


You had 4 spell levels left.
You didn't know any spells.
Your spell library was empty.

Dungeon Overview and Level Annotations

Branches:
Dungeon (3/15)

Altars:
Sif Muna


Innate Abilities, Weirdness & Mutations

You are too large for most types of armour.
You have tough skin. (AC +1)
Your mind is acute. (Int +2)
Your muscles are strong. (Str +2)
Your spells are a little harder to cast, but a little more powerful.


Message History

Trog accepts your kill. The bat hits you but does no damage.
The orc hits you from afar with a +0 trident.
* * * LOW HITPOINT WARNING * * *
You closely miss the bat. The bat misses you. The orc barely misses you.
The bat hits you.
* * * LOW HITPOINT WARNING * * *
The bat completely misses you. The orc hits you but does no damage.
There is a stone staircase leading up, spattered with blood here.
You see here a +0 whip.
The bat barely misses you. The orc hits you with a +0 trident.
* * * LOW HITPOINT WARNING * * *
The bat hits you.
* * * LOW HITPOINT WARNING * * *
You climb upwards.
There is a stone staircase leading down here.
You hit the orc.
The orc is moderately wounded.
The orc hits you with a +0 trident.
You die...

##..>###.)#####.#...##
##..###..........### ###
#..##.....###.### # ..##
#...............# ########
...###.......######..#####.......
....##.........#####...##........
....##...##......................
.........#.....)o#...............
.......#.#.#####@#.....#.........
...#.#.....# #.................
...†...#.### #................>
..........######.#....##.........
.................#....###........
............####......# #........
..#.........# #.#....###........
###.........# ##.#......)........
# #.........###..#[.#####........


You could see an orc.

Vanquished Creatures
  An orc priest (D:3)
  Robin (D:2)
  3 adders (D:2)
  An ooze (D:1)
  3 dart slugs
  2 leopard geckos
  4 orcs
  2 giant cockroaches (D:2)
  16 goblins
  8 hobgoblins
  4 jackals (D:1)
  7 kobolds
  5 bats
  5 frilled lizards
  3 rats
65 creatures vanquished.

Notes
Turn   | Place    | Note
-------+----------+-------------------------------------------
     0 | D:1      | Oragul the Ogre Berserker began the quest for the Orb.
     0 | D:1      | Reached XP level 1. HP: 24/24 MP: 1/1
   234 | D:1      | Reached XP level 2. HP: 29/32 MP: 2/2
   499 | D:1      | Reached XP level 3. HP: 7/40 MP: 3/3
   883 | D:1      | Reached ** piety under Trog
  1400 | D:2      | Reached XP level 4. HP: 32/49 MP: 4/4
  1459 | D:2      | Noticed Robin
  1721 | D:2      | Killed Robin
  2173 | D:2      | Gained mutation: Your spells are a little harder to cast,
                  | but a little more powerful. [potion of mutation]
  2173 | D:2      | Gained mutation: Your mind is acute. (Int +2) [potion of
                  | mutation]
  2173 | D:2      | Gained mutation: Your muscles are strong. (Str +2) [potion
                  | of mutation]
  2279 | D:2      | Found a shimmering blue altar of Sif Muna.
  2389 | D:2      | Reached skill level 5 in Fighting
  2537 | D:3      | Reached XP level 5. HP: 51/57 MP: 5/5
  2879 | D:3      | HP: 2/57 [orc/+0 trident (2)]
  2881 | D:2      | Slain by an orc

Levels and vault maps discovered:
D:1:      eino_arrival_tree_alley, layout_loops_ring, minivault_25
D:2:      layout_rooms, lemuel_blue_sif_altar, uniq_robin
D:3:      layout_basic, old_standard_altar, gammafunk_ghost_split,
          palyth_stone_intersect

Skill      XL: |  1  2  3  4 |
---------------+-------------+-----
Dodging        | 3 |  3.7
Axes           | 4 |  4.3
Fighting       | 5 |  5.2
Stealth        | |  0.2

Action                   |  1- 3 |  4- 6 || total
-------------------------+-------+-------++-------
Melee: Hand axe          |   117 |    93 ||   210
Invok: Berserk           |     1 |     1 ||     2
  Use: Potion            |       |     3 ||     3
       Scroll            |       |     1 ||     1
  Eat: Ration            |     1 |     1 ||     2
       Chunk             |       |     1 ||     1
Armor: Animal skin       |     1 |       ||     1
       Robe              |    44 |    71 ||   115
Dodge: Dodged            |    70 |    98 ||   168
